 Dungeon Sprint DCSS version 0.24-a0-243-g8f5f5cd (webtiles) character file.

Game seed: 16269971971807700807

57 MikeHunt the Thrower (level 4, -6/44 HPs)
             Began as an Ogre Hunter on Apr 9, 2019.
             Splashed by an oklob sapling priest's acid (12 damage)
             ... in the Dungeon (Sprint IV: "Fedhas' Mad Dash").
             The game lasted 00:00:45 (340 turns).

MikeHunt the Thrower (Ogre Hunter)                   Turns: 340, Time: 00:00:46

Health: -6/44      AC: -1    Str: 16    XL:     4   Next: 0%
Magic:  4/4        EV: 10    Int: 12    God:
Gold:   46         SH:  0    Dex: 10    Spells: 3/3 levels left

rFire    . . .     SeeInvis .   a - +0 short sword
rCold    . . .     Gourm    .   (no shield)
rNeg     . . .     Faith    .   b - +0 robe
rPois    .         Spirit   .   (helmet restricted)
rElec    .         Reflect  .   (no cloak)
rCorr    .         Harm     .   (gloves unavailable)
MR       .....     NoTele   +   (boots unavailable)
Stlth    +.........             (no amulet)
HPRegen  0.14/turn              (no ring)
MPRegen  0.09/turn              (no ring)

@: corroded
A: large, unfitting armour, tough skin 1
a: no special abilities


You were in the Dungeon.
You were not hungry.

You visited 1 branch You collected 46 gold pieces.

Inventory:

Hand Weapons
 a - a +0 short sword (weapon)
Missiles
 c - a large rock (quivered)
 d - 2 throwing nets
Armour
 b - a +0 robe (worn)
Jewellery
 o - the amulet of invisibility {+Inv}
   (You found it in the Dungeon)

   [amulet of nothing]

   It lets you turn invisible.
Scrolls
 k - a scroll of blinking
Potions
 e - a potion of curing
 g - a potion of heal wounds
 h - a potion of haste
 i - 2 potions of magic
 j - a potion of berserk rage
 l - a potion of flight {unknown}
 n - a potion of agility {unknown}
Comestibles
 f - a ration


   Skills:
 - Level 2.6 Fighting
 + Level 8.5 Throwing
 - Level 1.7 Dodging
 - Level 0.6 Stealth
 + Level 0.0 Evocations


You had 3 spell levels left.
You didn't know any spells.
Your spell library was empty.

Dungeon Overview and Level Annotations

Branches:
Dungeon (1/1)

Altars:
Cheibriados
Gozag
Hepliaklqana
Makhleb
Nemelex Xobeh
Ru
Sif Muna
Trog
Wu Jian
Xom
Yredelemnul
Beogh
Jiyva

Annotations:
D exclusion: oklob sapling


Innate Abilities, Weirdness & Mutations

You are too large for most types of armour.
You have tough skin. (AC +1)


Message History

All of the chunks of flesh in your inventory have rotted away.
HP restored.
Really walk into a travel-excluded area? [Y]es or [N]o only, please.
Really walk into a travel-excluded area?
The oklob sapling priest spits acid at you.
The splash of acid hits you!
You are splashed with acid!!
* * * LOW HITPOINT WARNING * * *
There is an open door here.
Throwing (i - inventory. (/) - cycle)
c - 2 large rocks (quivered)
Press: ? - help, Shift-Dir - straight line, f/p - oklob sapling priest
Aim: an oklob sapling priest You throw a large rock.
The large rock hits the oklob sapling priest.
The oklob sapling priest is moderately damaged.
The oklob sapling priest spits acid at you.
The splash of acid hits you.
* * * LOW HITPOINT WARNING * * *
The acid corrodes you!
You are splashed with acid!
You die...

########################
<..P#.....#.....#.⌠._._.
PP..÷†....'.#...@.._._._
PPPP#.....#.#...#..._._P
##############+##.._._._
._._._. #######


You could see an oklob sapling priest.

Vanquished Creatures
  An oklob sapling (D)
  A worker ant (D)
  A river rat (D)
  A rat (D)
4 creatures vanquished.

Notes
Turn   | Place    | Note
-------+----------+-------------------------------------------
     0 | D        | MikeHunt the Ogre Hunter began the quest for the Orb.
     0 | D        | Reached XP level 1. HP: 22/22 MP: 1/1
     6 | D        | Reached skill level 5 in Throwing
     6 | D        | Reached XP level 2. HP: 29/29 MP: 2/2
    25 | D        | Noticed an oklob sapling
    28 | D        | Killed an oklob sapling
    28 | D        | Reached skill level 7 in Throwing
    28 | D        | Reached XP level 3. HP: 36/36 MP: 3/3
    33 | D        | Found the amulet of invisibility {+Inv}
    33 | D        | Reached skill level 8 in Throwing
    33 | D        | Reached XP level 4. HP: 44/44 MP: 4/4
    52 | D        | Found an opulent altar of Gozag.
    52 | D        | Found a hazy altar of Hepliaklqana.
    52 | D        | Found a burning altar of Makhleb.
    52 | D        | Found a roughly hewn altar of Beogh.
    52 | D        | Found a sparkling altar of Nemelex Xobeh.
    52 | D        | Found a snail-covered altar of Cheibriados.
    52 | D        | Found a sacrificial altar of Ru.
    52 | D        | Found a deep blue altar of Sif Muna.
    52 | D        | Found a shimmering altar of Xom.
    52 | D        | Found a basalt altar of Yredelemnul.
    53 | D        | Found a viscous altar of Jiyva.
    53 | D        | Found a bloodstained altar of Trog.
    53 | D        | Found an ornate altar of the Wu Jian Council.
    53 | D        | Noticed an oklob sapling priest
   340 | D        | Splashed by an oklob sapling priest's acid

Levels and vault maps discovered:
D:        dungeon_sprint_fedhas [sprint_temple]

Skill      XL: |  1  2  3 |
---------------+----------+-----
Throwing       | 5 7 8 |  8.5
Fighting       | |  2.6
Dodging        | |  1.7
Stealth        | |  0.6

Action                   |  1- 3 |  4- 6 || total
-------------------------+-------+-------++-------
Melee: Short sword       |     1 |       ||     1
Throw: Large rock        |     7 |     4 ||    11

Table legend:
 A = Non-vault XP
 B = Vault XP
 C = Vault XP percentage of total XP
 D = Non-vault monster count
 E = Vault monster count
 F = Vault count percentage of total count
                 A         B        C        D         E       F
            +---------+---------+-------+---------+---------+-------
      Total |       0 |      82 | 100.0 |       0 |       4 | 100.0
            +---------+---------+-------+---------+---------+-------
          D |       0 |      82 | 100.0 |       0 |       4 | 100.0
            +---------+---------+-------+---------+---------+-------
